 Dungeon Crawl Stone Soup version 0.31-a0-799-g6bc09d010c (console) character file.

Game seed: 8371297363161976442

2830810 elliptic the Invulnerable (level 26, 242/242 HPs)
             Began as a Barachi Cinder Acolyte on Sept 19, 2023.
             Was the Champion of Jiyva.
             Escaped with the Orb
             ... and 4 runes on Sept 20, 2023!
             The game lasted 03:18:38 (50334 turns).

elliptic the Invulnerable (Barachi Cinder Acolyte) Turns: 50334, Time: 03:18:38

Health: 242/242    AC: 44    Str: 33    XL:     26   Next: 71%
Magic:  24/24      EV: 12    Int: 27    God:    Jiyva [******]
Gold:   335        SH:  0    Dex:  6    Spells: 25/27 levels left

rFire   + . .        a - +5 scythe {speed, execute, norare}
rCold   + . .        (shield currently unavailable)
rNeg    . . .        K - +5 gold dragon scales {nodragon}
rPois   +            m - +1 hat
rElec   .            X - +1 cloak {Will+}
rCorr   +            n - +2 pair of gloves
SInv    +            t - +2 pair of boots
Will    ++...        U - amulet of Vitality {RegenMP++ Regen++} Stlth
                     S - +6 ring of strength
HPRegen 4.60/turn    N - +6 ring of strength
MPRegen 1.49/turn

%: clarity
@: hasted, quick
A: amphibious, slowness 1, strong legs 2, +LOS, fangs 1, horns 1, talons 1,
clarity, clever 2, mutation resistance 2, poison resistance, regeneration 1,
wild magic 1, acidic bite, eyeballs 3, tendrils, sturdy frame 2
0: Orb of Zot
}: 4/15 runes: decaying, serpentine, slimy, silver
a: Hop, Renounce Religion, Oozemancy, Slimify


You escaped.
You worshipped Jiyva.
Jiyva was exalted by your worship.
You visited 12 branches of the dungeon, and saw 56 of its levels.
You visited 2 bazaars.
You also visited: Ice Cave.

You collected 5368 gold pieces.
You spent 5033 gold pieces at shops.


Innate Abilities, Weirdness & Mutations

You are amphibious.
You cover ground slowly.
You can hop long distances.
You have an extended range of vision and can be seen from far away.
You have very sharp teeth.
You have a pair of small horns on your head.
You have sharp toenails.
You possess an exceptional clarity of mind.
Your mind is very acute. (Int +8, Str/Dex -2)
You are somewhat resistant to both further mutation and mutation removal.
Your system is resistant to poisons. (rPois)
Your natural rate of healing is unusually fast.
Your spells are a little harder to cast, but a little more powerful.
You have acidic saliva.
Your body is covered in eyes which may confuse attackers. (Acc +7, SInv)
You are covered in slimy tendrils that may disarm your opponents.
Your movements are less encumbered by armour. (ER -4)


   Skills:
 O Level 27 Fighting
 - Level 17.4(25.4) Axes
 - Level 16.0(19.1) Maces & Flails
 - Level 24.4(26.0) Polearms
 O Level 27 Armour
 + Level 13.6 Dodging
 - Level 1.1 Spellcasting
 - Level 3.2 Fire Magic


You had 25 spell levels left.
You knew the following spells:

 Your Spells              Type           Power      Damage    Failure   Level
Z - Scorch                Fire           50%        2d7       17%         2

Your spell library contained the following spells:

 Spells                   Type           Power      Damage    Failure   Level
 Apportation              Tloc           2%         N/A       38%         1
 Freeze                   Ice            4%         1d3       38%         1
 Necrotise                Necr           4%         1d4       38%         1
 Sandblast                Erth           2%         2d4       38%         1
 Shock                    Conj/Air       4%         1d3       38%         1
 Sting                    Tmut/Pois      4%         1d3       38%         1
 Summon Small Mammal      Summ           4%         N/A       38%         1
 Ensorcelled Hibernation  Hex/Ice        2%         N/A       50%         2
 Passwall                 Tmut/Erth      0%         N/A       50%         2
 Poisonous Vapours        Pois/Air       2%         N/A       50%         2
 Sublimation of Blood     Necr           1%         N/A       50%         2
 Inner Flame              Hex/Fire       13%        N/A       50%         3
 Volatile Blastmotes      Fire/Tloc      26%        2d12      50%         3
 Dazzling Flash           Conj/Hex       2%         N/A       73%         3
 Frozen Ramparts          Ice            2%         1d1       73%         3
 Gell's Gravitas          Tloc           1%         N/A       73%         3
 Hailstorm                Conj/Ice       1%         3d3       73%         3
 Stone Arrow              Conj/Erth      2%         3d7       73%         3
 Swiftness                Air            1%         N/A       73%         3
 Tukima's Dance           Hex            1%         N/A       73%         3
 Flame Wave               Conj/Fire      13%        2d6       88%         4
 Sticky Flame             Conj/Fire      13%        2d4       88%         4
 Airstrike                Air            0%         2d(1-17)  98%         4
 Brom's Barrelling Bould  Conj/Erth      1%         2d3       98%         4
 Cause Fear               Hex            0%         N/A       98%         4
 Iskenderun's Mystic Bla  Conj/Tloc      1%         2d3       98%         4
 Leda's Liquefaction      Hex/Erth       0%         N/A       98%         4
 Manifold Assault         Tloc           1%         N/A       98%         4
 Olgreb's Toxic Radiance  Pois           1%         N/A       98%         4
 Passage of Golubria      Tloc           1%         N/A       98%         4
 Petrify                  Tmut/Erth      1%         N/A       98%         4
 Summon Ice Beast         Ice/Summ       1%         N/A       98%         4
 Vhi's Electric Charge    Tloc/Air       2%         N/A       98%         4
 Fireball                 Conj/Fire      6%         3d5       99%         5
 Arcjolt                  Conj/Air       0%         1d10      100%        5
 Irradiate                Conj/Tmut      0%         3d11      100%        5
 Iskenderun's Battlesphe  Conj           1%         2d6       100%        5
 Lee's Rapid Deconstruct  Erth           0%         3d4*      100%        5
 Summon Forest            Summ/Tloc      0%         N/A       100%        5
 Summon Mana Viper        Hex/Summ       1%         N/A       100%        5
 Yara's Violent Unravell  Hex/Tmut       0%         3d3       100%        5
 Conjure Ball Lightning   Conj/Air       0%         3x3d6     100%        6
 Dispersal                Tloc           0%         N/A       100%        6
 Eringya's Noxious Bog    Tmut/Pois      0%         4d6       100%        6
 Leda's Unmaking          Conj/Erth      0%         9d1       100%        6
 Simulacrum               Ice/Necr       0%         N/A       100%        6
 Starburst                Conj/Fire      6%         6d4       100%        6
 Monstrous Menagerie      Summ           0%         N/A       100%        7
 Orb of Destruction       Conj           0%         9d5       100%        7
 Ozocubu's Refrigeration  Ice            0%         4d7       100%        7
 Summon Hydra             Summ           0%         N/A       100%        7
 Disjunction              Tloc           0%         N/A       100%        8
 Maxwell's Capacitive Co  Air            0%         death     100%        8
 Polar Vortex             Ice            0%         N/A       100%        9

Inventory:

Hand Weapons
 a - the +5 scythe "Finisher" (weapon) {speed, execute, norare}
   (You found it on level 3 of the Crypt)
 b - a +7 vampiric battleaxe {norare}
 c - a +1 great mace of holy wrath
 l - the +3 broad axe of the Hidden Vale {flame, rF++ rN+ Str-4 SInv}
   (You found it on level 5 of the Vaults)

   Str-4:     It affects your strength (-4).
   rF++:      It greatly protects you from fire.
   rN+:       It protects you from negative energy.
   SInv:      It lets you see invisible.
Missiles
 e - 9 curare-tipped darts (quivered)
Armour
 m - a +1 hat (worn)
 n - a +2 pair of gloves (worn)
 t - a +2 pair of boots (worn)
 u - a +1 helmet
 K - +5 gold dragon scales (worn) {nodragon}
 X - a +1 cloak of willpower (worn)
Jewellery
 k - a ring of willpower
 v - a ring of protection from cold
 w - the ring "Gydiurch" {rPois rF++ MP+9}
   (You bought it in a shop on level 7 of the Dungeon)

   [ring of poison resistance]

   rF++:      It greatly protects you from fire.
   rPois:     It protects you from poison MP+9: It affects your magic capacity
   (+9).
 y - the ring of Descent {rF++ Int-4 Dex+6}
   (You bought it in a shop on level 1 of the Orcish Mines)

   [ring of dexterity]

   Int-4:     It affects your intelligence (-4).
   Dex+6:     It affects your dexterity (+6).
   rF++:      It greatly protects you from fire.
 A - a ring of see invisible
 I - a +4 ring of protection
 N - a +6 ring of strength (right hand)
 S - a +6 ring of strength (left hand)
 U - the amulet of Vitality (around neck) {RegenMP++ Regen++}
   (You took it off a naga mage on level 4 of the Snake Pit)

   [amulet of magic regeneration]

   RegenMP:   It increases your rate of magic regeneration.
   Regen++:   It increases your rate of health regeneration.
 W - a ring of protection from fire
 Z - the ring "Riabetoja" {Fire rElec rPois Will- rCorr}
   (You took it off a tengu reaver on level 2 of the Depths)

   [ring of fire]

   Fire:      It enhances your fire magic.
   rF+:       It protects you from fire.
   rC-:       It makes you vulnerable to cold.
   rElec:     It insulates you from electricity.
   rPois:     It protects you from poison Will-: It decreases your willpower.
   rCorr:     It protects you from acid and corrosion.
Wands
 q - a wand of digging (7)
 x - a wand of light (7)
 O - a wand of roots (37)
Scrolls
 f - 5 scrolls of fear
 g - 3 scrolls of brand weapon
 i - 3 scrolls of fog
 p - 14 scrolls of teleportation
 z - a scroll of silence {!r}
 G - 6 scrolls of identify
 H - 4 scrolls of butterflies
 P - 3 scrolls of poison
 V - a scroll of blinking
Potions
 d - 15 potions of curing
 h - a potion of haste
 j - 5 potions of heal wounds
 o - 3 potions of attraction
 r - 10 potions of mutation {!q}
 s - 2 potions of might
 D - 2 potions of enlightenment
 E - a potion of brilliance
 F - 3 potions of resistance
 J - 4 potions of cancellation
 M - 3 potions of ambrosia
Miscellaneous
 L - a lightning rod (4/4)


Message History

a +0 quarterstaff; a +0 flail
Items here: ( )))) [.
Things that are here:
a +0 club; a +0 robe; a +0 dagger
Things that are here:
a +0 ring mail; a +0 whip
There is a stone staircase leading up here.
You climb upwards.
There is a stone staircase leading down here.
There is a stone staircase leading up here.
You climb upwards.
There is a stone staircase leading down here.
You see here a +0 club.
There is a stone staircase leading up here.
You climb upwards.
There is a stone staircase leading down here.
A sun demon comes into view.
The sun demon shouts!
A sun demon comes into view.
A sun demon comes into view.
There is a stone staircase leading up here.
You climb upwards.
You are ready to hop once more.
There is a stone staircase leading down here.
You feel yourself speed up.
Aiming: Dig
Press: ? - help, Shift-Dir - straight line, f - you Please select a direction to dig.
This square is covered in magical glow.
The rock shatters into small pieces.
A Hell Sentinel comes into view.
Okay, then.
Aiming: Dig
Press: ? - help, Shift-Dir - straight line, f - you Please select a direction to dig.
This square is covered in magical glow.
The rock shatters into small pieces.
There is an open door here.
There is a staircase leading out of the dungeon here.
You have escaped!

####.#.#####.#.#####.#.###.# #.#
.....#.......#.......#.#...# #.#
######################.#.######.#
####### #.........#..#........#
......# #.#########..##########
.####.# #.#.......#..# ....#.#
#.#.##+##.#.## ....#.#
#.#.#...#.#.# ###.#.#
#.#.#.@.#.#.# ......#
#.#.##'##.#.#
#####.#####.......+.'.#
)...........#######+#.#
#######.##### #...# ### #####


There were no monsters in sight!

Vanquished Creatures
  2 dread liches
  3 ancient liches
  An orb of fire (Zot:5)
  Sojobo (Depths:4)
  4 Killer Klowns (Zot:5)
  Frederick (Crypt:2)
  The ghost of Yptir the Protected, an adept AtFE of Vehumet (Vaults:2)
  5 golden dragons
  The ghost of Zievuyg the Executioner, an adept MiFi of the Shining One (Crypt:3)
  2 bone dragons
  A profane servitor (Crypt:3)
  the Enchantress (Depths:2)
  3 electric golems
  A Tzitzimitl (Zot:5)
  Rupert (D:12)
  Zenata (Vaults:2)
  5 tentacled monstrosities
  A Hell Sentinel (D:8)
  A titan (Vaults:5)
  4 quicksilver dragons
  Asterion (Elf:1)
  24 Orb Guardians
  2 liches
  An Executioner (Zot:2)
  3 death cobs
  4 sphinxes
  8 ancient champions
  13 storm dragons
  Kirke (Snake:4)
  14 shadow dragons
  Aizul (Snake:2)
  11 tengu reavers
  2 thorn hunters
  6 draconian monks
  4 draconian knights
  13 nagarajas (Snake:4)
  3 revenants
  7 frost giants
  4 fire giants
  16 vault wardens
  3 draconian shifters
  5 ghost moths
  2 deep elf sorcerers
  A caustic shrike zombie (Crypt:1)
  A curse skull (Crypt:3)
  4 spectral caustic shrikes (Depths:3)
  3 draconian stormcallers
  A juggernaut zombie (Crypt:3)
  4 ghouls
  8 draconian scorchers
  5 orc warlords
  An angel (Depths:2)
  7 spriggan defenders
  14 stone giants
  32 very ugly things
  12 ironbound thunderhulks
  A war gargoyle (Vaults:5)
  32 ironbound preservers
  A reaper (Crypt:2)
  6 black draconians
  8 draconian annihilators
  8 green draconians
  7 vampire knights
  A deep elf demonologist (Elf:1)
  6 yellow draconians
  5 deep elf annihilators
  7 white draconians
  Nessos (D:15)
  19 dire elephants
  An eleionoma (Swamp:3)
  7 bunyips
  7 purple draconians
  9 red draconians
  22 spark wasps (Depths:2)
  2 eidola
  2 crystal guardians (Vaults:3)
  A deep elf death mage (Crypt:3)
  The ghost of bahustanut the Cleaver, a journeyman FoFi of Okawaru (D:11)
  An entropy weaver (shapeshifter) (Elf:2)
  9 jiangshi
  3 deep elf high priests (Vaults:5)
  13 ettins
  3 rakshasas
  A spriggan zombie (Crypt:1)
  A shambling mangrove (Swamp:1)
  11 fire dragons
  Erolcha (Orc:1)
  18 yaktaur captains
  4 salamander tyrants
  30 vault guards
  22 hydras
  9 anacondas
  A bennu zombie (Crypt:1)
  6 ice dragons
  A fenstrider witch skeleton (Crypt:1)
  An ogre mage (Vaults:5)
  3 death knights
  A peacekeeper (Vaults:3)
  3 ironbound frosthearts
  8 alligators
  3 demonspawn (Orc:2)
  13 centaur warriors
  11 spriggan air magi
  2 spriggan skeletons
  A hell hog (Depths:1)
  4 boulder beetles
  3 two-headed ogres
  20 dancing weapons
  14 naga warriors
  6 deep troll shamans
  A death yak (D:9)
  8 tengu warriors
  9 vampire magi
  5 deep troll earth magi
  12 spriggan berserkers
  4 shock serpents
  2 soul eaters
  9 hell knights
  15 naga sharpshooters
  11 orc high priests
  9 deep elf knights (Elf:2)
  A skyshark (Lair:3)
  7 sun demons (Depths:1)
  5 iron trolls
  A titan skeleton (Crypt:3)
  14 skeletal warriors
  An anaconda zombie (Crypt:3)
  A spark wasp zombie (Crypt:3)
  5 goliath frogs
  6 swamp dragons
  4 salamander mystics
  7 spriggan druids
  8 bog bodies
  4 shadow wraiths (Crypt:3)
  5 naga ritualists
  61 deep trolls
  An orange crystal statue (IceCv)
  8 lindwurms
  2 obsidian statues
  7 wizards
  A sea snake (shapeshifter) (Vaults:5)
  A spriggan simulacrum (Crypt:1)
  5 flayed ghosts
  17 ironbound convokers
  3 bunyip skeletons
  An anaconda skeleton (Crypt:1)
  14 harpies
  4 necromancers
  9 orc knights
  7 deep elf archers
  Pikel (D:8)
  21 deep elf zephyrmancers
  15 phantasmal warriors
  A frost giant zombie (Crypt:2)
  A wolf spider (D:15)
  47 ugly things
  22 salamanders
  22 deep elf pyromancers
  5 orc sorcerers
  5 will-o-the-wisps
  An elephant (shapeshifter) (Vaults:5)
  7 mana vipers
  3 manticores
  A jorogumo zombie (Crypt:1)
  3 cyclopes
  A dire elephant zombie (Crypt:3)
  17 vault sentinels
  A human skeleton (Crypt:1)
  5 elephants
  8 guardian serpents
  A rust devil (Orc:2)
  A torpor snail (Lair:4)
  3 moths of wrath
  22 black mambas
  A centaur zombie (Crypt:2)
  2 gargoyles
  16 naga magi
  14 cane toads
  Psyche (D:9)
  2 hellions
  A storm dragon simulacrum (Crypt:3)
  5 centaur skeletons
  3 efreet
  32 yaktaurs
  2 unseen horrors
  Maggie (D:7)
  A dire elephant skeleton (Crypt:3)
  9 komodo dragons
  A yellow draconian skeleton (Crypt:2)
  4 rime drakes
  10 freezing wraiths
  A tormentor (Depths:4)
  2 unseen horror skeletons
  2 tengu conjurers
  A green draconian skeleton (Crypt:3)
  A guardian mummy (Crypt:3)
  2 anaconda simulacra
  4 trolls
  A red devil (Orc:2)
  8 tyrant leeches
  2 bloated husks (Swamp:2)
  4 polar bears
  Grinder (D:3)
  2 alligator simulacra (IceCv)
  13 hornets
  The ghost of Babbit the Chiller, an amateur DrIE of Zin (D:5)
  A blink frog (shapeshifter) (D:15)
  10 blink frogs
  A dream sheep (Lair:4)
  5 flying skulls (Crypt:2)
  Sigmund (D:2)
  2 shadows
  An air elemental (Elf:3)
  2 dire elephant simulacra
  7 wraiths
  19 fire elementals
  3 hogs (Snake:4)
  43 yaks
  31 spriggans
  3 vampires
  4 wyverns
  6 basilisks
  A wind drake zombie (Crypt:2)
  An ice dragon skeleton (Crypt:2)
  3 fire bats (Swamp:4)
  3 steam dragons
  3 vampire mosquitoes (D:10)
  Menkaure (D:5)
  10 swamp worms
  3 wargs
  A merfolk zombie (Crypt:1)
  51 nagas
  2 harpy simulacra (IceCv)
  6 acid dragons
  A skyshark zombie (Crypt:1)
  17 water moccasins
  A hell hound (Depths:1)
  A demonspawn skeleton (Crypt:3)
  A naga skeleton (Crypt:3)
  8 swamp drakes
  3 sky beasts
  39 orc warriors
  7 ogres
  A swamp dragon skeleton (Crypt:1)
  13 wolves
  15 centaurs
  A phantom (D:7)
  2 lindwurm skeletons
  3 lemures (D:8)
  13 bullfrogs
  3 kobold brigands
  2 earth elementals (Elf:2)
  2 gnoll sergeants
  2 necrophages (Crypt:3)
  A two-headed ogre simulacrum (Crypt:1)
  3 scorpions
  A komodo dragon skeleton (Crypt:3)
  14 wights
  12 killer bees
  2 lindwurm simulacra (IceCv)
  A polar bear skeleton (Crypt:1)
  A raiju zombie (Crypt:2)
  4 howler monkeys
  A yak skeleton (Crypt:2)
  2 electric eels
  A wolf zombie (Crypt:2)
  A wolf skeleton (Crypt:3)
  A crimson imp (D:12)
  2 hounds
  28 orc priests
  17 jellies
  7 iguanas
  A sleepcap (D:7)
  A gnoll bouda (D:6)
  17 orc wizards
  5 hell rats (Lair:4)
  12 mummies (Crypt:3)
  Robin (D:2)
  19 gnolls
  4 adders
  A river rat (D:5)
  5 white imps
  An iguana skeleton (Crypt:2)
  3 worms
  2 dart slugs
  81 orcs
  5 ball pythons
  9 endoplasms
  3 giant cockroaches
  12 goblins
  15 hobgoblins
  6 jackals
  19 kobolds
  7 quokkas
  3 bats
  2 frilled lizards (D:2)
  6 rats
  A spectral weapon (Snake:2)
2020 creatures vanquished.

Vanquished Creatures (collateral kills)
  An ironbound preserver (Vaults:1)
  A deep elf annihilator (Elf:1)
  A naga sharpshooter (Snake:2)
  A deep elf knight (Elf:1)
  2 nagas (Snake:2)
6 creatures vanquished.

Vanquished Creatures (others)
  A deep elf blademaster (Elf:2)
  An Orb Guardian (Zot:5)
  2 acid blobs
  A deep elf sorcerer (Vaults:5)
  A nagaraja (Snake:4)
  A fire giant (Vaults:1)
  2 formless jellyfish
  An ettin (Depths:4)
  4 great orbs of eyes
  A yaktaur captain (Vaults:2)
  A centaur warrior (D:15)
  An alligator (Swamp:1)
  An alligator snapping turtle (shapeshifter) (Depths:2)
  A shock serpent (shapeshifter) (Vaults:5)
  A naga sharpshooter (Snake:2)
  A spriggan berserker (Swamp:4)
  A deep troll (shapeshifter) (Vaults:5)
  2 deep trolls
  A glowing orange brain (Depths:4)
  A wizard (Vaults:3)
  An ironbound convoker (Vaults:3)
  A deep elf zephyrmancer (Elf:2)
  An ugly thing (Depths:4)
  A salamander (Snake:2)
  3 shining eyes (Depths:1)
  A moth of wrath (shapeshifter) (Vaults:5)
  A cyclops (shapeshifter) (Vaults:5)
  A guardian serpent (shapeshifter) (Vaults:5)
  An eleionoma skeleton (Crypt:2)
  2 vault sentinels
  A yaktaur (Vaults:3)
  A tengu conjurer (Depths:2)
  3 bloated husks (Swamp:1)
  A tarantella (shapeshifter) (Vaults:5)
  24 slime creatures
  A wraith (Vaults:3)
  A neqoxec (Orc:2)
  A steam dragon (Swamp:4)
  A naga (Snake:4)
  A swamp worm (Swamp:1)
  6 swamp drakes
  An orc warrior (Orc:2)
  3 centaurs (D:15)
  An ogre (Orc:1)
  185 jellies
  3 crimson imps (D:12)
  3 orc priests
  3 orc wizards
  20 orcs
  52 foxfires
  16 spectral weapons
367 creatures vanquished.

Grand Total: 2393 creatures vanquished

Notes
Turn   | Place    | Note
-------+----------+-------------------------------------------
     0 | D:1      | elliptic the Barachi Cinder Acolyte began the quest for the
                  | Orb.
     0 | D:1      | Reached XP level 1. HP: 18/18 MP: 2/2
   244 | D:1      | Reached XP level 2. HP: 25/25 MP: 3/3
   247 | D:1      | Learned a level 2 spell: Scorch
   992 | D:2      | Reached XP level 3. HP: 30/31 MP: 4/4
  1152 | D:2      | Noticed Sigmund
  1153 | D:2      | sigh
  1153 | D:2      | I guess
  1159 | D:2      | Killed Sigmund
  1160 | D:2      | Reached XP level 4. HP: 38/38 MP: 0/5
  1160 | D:2      | Reached XP level 5. HP: 43/43 MP: 0/6
  1254 | D:4      | why
  1309 | D:4      | Reached XP level 6. HP: 24/51 MP: 7/7
  1546 | D:3      | Found a faded altar of an unknown god.
  1738 | D:2      | hm
  1738 | D:2      | eh
  1845 | D:2      | Noticed Robin
  1853 | D:2      | Killed Robin
  1974 | D:3      | hmmmm
  1974 | D:3      | eh
  2073 | D:3      | Noticed Grinder
  2073 | D:3      | Paralysed by Grinder for 2 turns
  2083 | D:3      | Killed Grinder
  2084 | D:3      | Reached XP level 7. HP: 60/60 MP: 8/8
  2702 | D:4      | Reached skill level 1 in Armour
  2920 | D:4      | :(
  2925 | D:5      | Entered Level 5 of the Dungeon
  2970 | D:4      | Reached skill level 3 in Armour
  2988 | D:4      | Found a staircase to the Ecumenical Temple.
  2997 | Temple   | Entered the Ecumenical Temple
  3218 | D:5      | so many talismans but
  3231 | D:5      | Noticed Menkaure
  3241 | D:5      | HP: 12/60 [white imp (2)]
  3242 | D:5      | hm
  3436 | D:5      | Killed Menkaure
  3459 | D:5      | Reached XP level 8. HP: 67/67 MP: 9/9
  3762 | D:5      | Found a runed translucent door.
  3774 | D:5      | Noticed Babbit's ghost (amateur DrIE)
  3810 | D:5      | Identified the +2 scale mail of Somewhere Else {Int+3}
  3875 | D:5      | Reached skill level 9 in Fighting
  4037 | D:5      | Found a runed translucent door.
  4070 | D:6      | Found a blossoming altar of Fedhas.
  4070 | D:6      | Found Xuotig's Distillery.
  4080 | D:6      | Reached skill level 1 in Dodging
  4083 | D:6      | Found Koukh's Book Shop.
  4084 | D:6      | what
  4193 | D:6      | Found Deisi's Weapon Shoppe.
  4194 | D:6      | hm
  4270 | D:6      | oh
  4281 | D:6      | Reached XP level 9. HP: 56/78 MP: 10/10
  4452 | D:6      | oh
  4455 | D:6      | meh
  4486 | D:6      | Found Maihex's Armour Shoppe.
  4511 | D:6      | Reached skill level 6 in Maces & Flails
  4753 | D:6      | Noticed a hornet
  4755 | D:6      | Bought 2 potions of heal wounds for 100 gold pieces
  4755 | D:6      | Bought a potion of curing for 30 gold pieces
  4755 | D:6      | Bought a potion of curing for 30 gold pieces
  4755 | D:6      | Bought a potion of curing for 30 gold pieces
  4761 | D:6      | Killed a hornet
  4762 | D:6      | Found a stormy altar of Qazlal.
  5025 | D:6      | Found a hazy altar of Hepliaklqana.
  5063 | D:6      | Found a glowing golden altar of the Shining One.
  5067 | D:6      | Found a bloodstained altar of Trog.
  5072 | D:6      | Found a burning altar of Makhleb.
  5164 | D:6      | Found Vulaps's Book Emporium.
  5332 | D:7      | Reached skill level 9 in Maces & Flails
  5336 | D:7      | Found Utsul's Antique Weapon Shop.
  5561 | D:7      | Reached XP level 10. HP: 79/85 MP: 11/11
  5567 | D:7      | Found a sparkling altar of Nemelex Xobeh.
  5598 | D:7      | Noticed Maggie
  5599 | D:7      | hm
  5610 | D:7      | Killed Maggie
  5642 | D:7      | Found Ceurgh's Assorted Antiques.
  5643 | D:7      | Found Enuuw's Magic Scroll Shop.
  5735 | D:7      | Bought a scroll of blinking for 82 gold pieces
  5735 | D:7      | Bought a scroll of teleportation for 33 gold pieces
  5751 | D:7      | Reached skill level 6 in Armour
  5815 | D:7      | Found Noacer Fets's Jewellery Shoppe.
  6180 | D:8      | Noticed a purple ugly thing
  6187 | D:8      | Killed a purple ugly thing
  6365 | D:8      | Reached skill level 12 in Maces & Flails
  6390 | D:8      | Found a glowing silver altar of Zin.
  6464 | D:8      | Noticed Grum
  6472 | D:8      | Grum changed into Grum the naga
  6472 | D:8      | Noticed Grum
  6660 | D:8      | Killed an unseen horror
  7137 | D:9      | Noticed a white ugly thing
  7147 | D:9      | HP: 10/85 [white ugly thing (18)]
  7148 | D:9      | sigh
  7153 | D:9      | Killed a white ugly thing
  7473 | D:9      | Noticed an elephant
  7473 | D:9      | Noticed a death yak
  7476 | D:9      | hi
  7511 | D:9      | Killed a death yak
  7512 | D:9      | Reached XP level 11. HP: 27/91 MP: 12/12
  7730 | D:9      | Found a staircase to the Lair.
  8061 | D:9      | Noticed Psyche
  8238 | D:9      | Killed Psyche
  8493 | D:10     | Entered Level 10 of the Dungeon
  8719 | D:10     | okay
  9007 | D:10     | Found a sacrificial altar of Ru.
  9190 | D:10     | Found a portal to a secret trove of treasure.
  9604 | D:11     | Noticed a two-headed ogre
  9610 | D:11     | Killed a two-headed ogre
  9611 | D:11     | Reached skill level 9 in Armour
  9911 | D:11     | Gained mutation: Your mind is acute. (Int +4, Str/Dex -1)
                  | [potion of mutation]
  9911 | D:11     | Gained mutation: You are agile. (Dex +4, Str/Int -1)
                  | [potion of mutation]
  9912 | D:11     | eh
  9957 | D:11     | uhhh
  9969 | D:11     | Noticed a two-headed ogre
  9975 | D:11     | Killed a two-headed ogre
 10261 | D:11     | Found a large runed translucent door.
 10262 | D:11     | Found a large runed translucent door.
 10265 | D:11     | Noticed bahustanut's ghost (journeyman FoFi)
 10425 | D:12     | Noticed a red ugly thing
 10425 | D:12     | Noticed a boulder beetle
 10443 | D:11     | Killed a boulder beetle
 10528 | D:12     | Killed a red ugly thing
 10529 | D:12     | Reached skill level 3 in Dodging
 10581 | D:12     | Noticed Rupert
 10581 | D:12     | Paralysed by Rupert for 2 turns
 10583 | D:12     | sigh
 10583 | D:12     | Noticed a deep elf pyromancer
 10605 | D:12     | hm
 10605 | D:12     | Found a shimmering altar of Xom.
 10605 | D:12     | Noticed a purple ugly thing
 10908 | D:8      | Found a glowing silver altar of Zin.
 10941 | D:8      | Noticed Pikel
 10947 | D:8      | Killed Pikel
 10948 | D:8      | Reached XP level 12. HP: 94/100 MP: 13/13
 10974 | D:8      | Killed Grum the naga
 11131 | D:5      | Killed Babbit's ghost
 11362 | Lair:1   | Entered Level 1 of the Lair of Beasts
 11623 | Lair:1   | Reached skill level 15 in Maces & Flails
 12395 | Lair:2   | hm
 12395 | Lair:2   | eh
 12414 | Lair:2   | Found a staircase to the Snake Pit.
 12431 | Lair:2   | Identified the +0 chain mail "Wojinot" {+Inv rF+}
 12657 | Lair:2   | Lost mutation: Your mind is acute. (Int +4, Str/Dex -1)
                  | [potion of mutation]
 12657 | Lair:2   | Lost mutation: You are agile. (Dex +4, Str/Int -1) [potion
                  | of mutation]
 12657 | Lair:2   | Gained mutation: You are weak. (Str -2) [potion of
                  | mutation]
 12657 | Lair:2   | Gained mutation: Your flesh is heat resistant. (rF+)
                  | [potion of mutation]
 12658 | Lair:2   | eh
 12766 | Lair:2   | Noticed a boulder beetle
 12772 | Lair:2   | Killed a boulder beetle
 13281 | Lair:3   | Reached skill level 12 in Fighting
 13281 | Lair:3   | Reached skill level 12 in Armour
 13429 | Lair:3   | Noticed a skyshark
 13434 | Lair:3   | oh
 13440 | Lair:3   | Killed a skyshark
 13441 | Lair:3   | Gained mutation: You can hop long distances. [Barachi
                  | growth]
 13441 | Lair:3   | Reached XP level 13. HP: 33/109 MP: 14/14
 13638 | Lair:3   | hm
 13661 | Lair:3   | Found a staircase to the Swamp.
 15679 | Lair:5   | Entered Level 5 of the Lair of Beasts
 15753 | Lair:5   | Found a viscous altar of Jiyva.
 15777 | Lair:5   | Found a staircase to the Slime Pits.
 15806 | Lair:5   | Reached skill level 15 in Fighting
 15904 | Lair:5   | Fell from the grace of Ignis
 15904 | Lair:5   | Became a worshipper of Jiyva Jioha the Shapeless
 16058 | Lair:5   | Reached skill level 15 in Armour
 16061 | Lair:5   | Reached XP level 14. HP: 118/123 MP: 15/15
 16229 | Lair:5   | Reached * piety under Jiyva
 16915 | D:11     | Killed bahustanut's ghost
 17027 | D:12     | Killed Rupert
 17047 | D:12     | Found a staircase to the Orcish Mines.
 17124 | D:12     | Reached skill level 6 in Dodging
 17283 | D:12     | Reached ** piety under Jiyva
 17449 | Orc:1    | Entered Level 1 of the Orcish Mines
 17449 | Orc:1    | Noticed an orc warlord
 17450 | Orc:1    | what
 17483 | D:12     | Killed an orc warlord
 17487 | D:15     | Entered Level 15 of the Dungeon
 17493 | D:15     | Noticed Nessos
 17495 | D:15     | eh
 17642 | D:14     | Found Karips's Antique Weapon Emporium.
 17789 | Orc:1    | Reached *** piety under Jiyva
 17919 | Orc:1    | Noticed Erolcha
 17929 | Orc:1    | Killed Erolcha
 17993 | Orc:1    | Found a transporter.
 17994 | Orc:1    | Found Fuell's Jewellery Emporium.
 17995 | Orc:1    | Found a transporter.
 18152 | Orc:1    | Was forgiven by Ignis
 18317 | Orc:2    | Entered Level 2 of the Orcish Mines
 18317 | Orc:2    | Gained mutation: You are partially covered in iridescent
                  | scales. (AC +2) [Jiyva's grace]
 18317 | Orc:2    | Gained mutation: You are mostly covered in iridescent
                  | scales. (AC +4) [Jiyva's grace]
 18317 | Orc:2    | Gained mutation: You are completely covered in iridescent
                  | scales. (AC +6) [Jiyva's grace]
 18317 | Orc:2    | Gained mutation: Your mind is acute. (Int +4, Str/Dex -1)
                  | [Jiyva's grace]
 18397 | Orc:2    | Found an iron altar of Okawaru.
 18463 | Orc:2    | Reached **** piety under Jiyva
 18580 | Orc:2    | Found a staircase to the Elven Halls.
 18594 | Orc:2    | Paralysed by an orc sorcerer for 5 turns
 18885 | Orc:2    | Reached ***** piety under Jiyva
 19307 | Slime:1  | Entered Level 1 of the Pits of Slime
 19309 | Slime:1  | Noticed a rockslime
 19324 | Slime:2  | Noticed an azure jelly
 19326 | Slime:3  | Noticed an acid blob
 19326 | Slime:3  | Noticed an azure jelly
 19326 | Slime:3  | Noticed a formless jellyfish
 19326 | Slime:3  | Noticed a formless jellyfish
 19326 | Slime:3  | Noticed a formless jellyfish
 19339 | Slime:5  | Entered Level 5 of the Pits of Slime
 19343 | Slime:5  | Noticed a quicksilver ooze
 19343 | Slime:5  | Noticed an acid blob
 19346 | Slime:5  | Noticed the Royal Jelly
 19346 | Slime:5  | Noticed an acid blob
 19348 | Slime:5  | Noticed an acid blob
 19349 | Slime:5  | Noticed a formless jellyfish
 19349 | Slime:5  | Noticed an acid blob
 19350 | Slime:5  | Noticed an acid blob
 19350 | Slime:5  | Noticed an acid blob
 19351 | Slime:5  | Noticed an acid blob
 19352 | Slime:5  | Found a viscous altar of Jiyva.
 19354 | Slime:5  | Noticed an acid blob
 19355 | Slime:5  | Found the +9 sword of Power {lifebolt}
 19390 | Slime:4  | Noticed an acid blob
 19411 | Slime:1  | Noticed an acid blob
 19669 | Orc:2    | Found Quwaig's General Store.
 19674 | Orc:2    | Found Royram's General Store.
 19803 | Orc:2    | Reached XP level 15. HP: 115/134 MP: 16/16
 20116 | Orc:2    | ow
 20232 | Orc:2    | Found Roemme's Book Boutique.
 20232 | Orc:2    | Found Arumahes's Antique Weapon Shop.
 20232 | Orc:2    | Found a one-way gate leading to the halls of Pandemonium.
 20545 | D:13     | Reached skill level 18 in Fighting
 20545 | D:13     | Reached skill level 18 in Armour
 20567 | D:13     | Found a gate to the Vaults.
 21126 | D:13     | Gained mutation: You passively map a small area around you.
                  | [Jiyva's grace]
 21126 | D:13     | Gained mutation: You passively map the area around you.
                  | [Jiyva's grace]
 21126 | D:13     | Gained mutation: You passively map a large area around you.
                  | [Jiyva's grace]
 21126 | D:13     | Gained mutation: You have an increased reservoir of magic.
                  | (+10% MP) [Jiyva's grace]
 21142 | D:13     | Identified the +4 war axe "Vich" {heavy, Dex+3}
 21648 | D:14     | Found a broken altar of Ashenzari.
 21958 | D:15     | why
 22004 | D:15     | Killed Nessos
 22171 | D:15     | Found a staircase to the Depths.
 22376 | D:15     | Found Zipuxti's Armour Emporium.
 22399 | D:15     | Bought a +0 pair of boots for 67 gold pieces
 22607 | D:7      | Bought the ring "Gydiurch" {rPois rF++ MP+9} for 887 gold
                  | pieces
 22715 | Snake:1  | Entered Level 1 of the Snake Pit
 22726 | Snake:1  | Reached skill level 1 in Axes
 22742 | Snake:1  | ow
 22809 | Snake:1  | Reached skill level 3 in Axes
 23080 | Lair:2   | Found a staircase to the Snake Pit.
 23544 | Snake:1  | Reached XP level 16. HP: 144/145 MP: 19/19
 23717 | Snake:1  | Reached skill level 6 in Axes
 23871 | Snake:1  | Reached ****** piety under Jiyva
 24053 | Snake:1  | Found a broken altar of Ashenzari.
 24283 | Snake:2  | Noticed Aizul
 24298 | Snake:2  | Killed Aizul
 24299 | Snake:2  | Reached skill level 9 in Axes
 24309 | Snake:2  | Lost mutation: You are completely covered in iridescent
                  | scales. (AC +6) [Jiyva's grace]
 24309 | Snake:2  | Lost mutation: You are weak. (Str -2) [Jiyva's grace]
 24309 | Snake:2  | Gained mutation: Armour fits poorly on your pseudopods.
                  | [Jiyva's grace]
 24309 | Snake:2  | Gained mutation: Armour fits poorly on your large
                  | pseudopods. [Jiyva's grace]
 24309 | Snake:2  | Gained mutation: Armour fits poorly on your massive
                  | pseudopods. [Jiyva's grace]
 24309 | Snake:2  | Gained mutation: Your flesh is cold resistant. (rC+)
                  | [Jiyva's grace]
 24736 | Slime:5  | Noticed an acid blob
 24776 | Slime:5  | Identified the +0 plate armour of Surprise {+Blink rN+
                  | Will+ Slay+3}
 24786 | Slime:5  | Identified the +2 robe "Cugugg" {rN+}
 24790 | Slime:5  | Identified the +7 short sword "Haaday" {flame, *Noise rC-
                  | Int+7}
 24804 | Slime:5  | Got a slimy rune of Zot
 24814 | Slime:5  | Identified the +2 plate armour "Emen" {Contam Will+ Int+8
                  | Dex-2}
 24853 | Slime:3  | Noticed an azure jelly
 25012 | Snake:2  | Noticed Vashnia
 25089 | Snake:2  | oops
 25140 | Snake:2  | ...
 25140 | Snake:2  | wow
 25169 | Snake:2  | Slimified Vashnia
 25169 | Snake:2  | Vashnia changed into Vashnia the azure jelly
 25169 | Snake:2  | Noticed Vashnia
 25249 | Snake:2  | Identified the +0 ring mail of the Stonemason {Drain rElec
                  | rC+++ Int+3}
 25322 | Snake:2  | Found Eweol's Book Shoppe.
 25331 | Snake:2  | Found Ucudom's Jewellery Boutique.
 25332 | Snake:2  | Found Enurhuy's Book Shoppe.
 25343 | Snake:2  | Bought an amulet of regeneration for 510 gold pieces
 25389 | Snake:2  | why
 25558 | Snake:2  | Got a faded book
 25961 | Snake:3  | Reached skill level 12 in Axes
 26072 | Snake:3  | Found a hide-covered altar of Uskayaw.
 26241 | Snake:3  | Found Lumeajaf's Neck Hole.
 26256 | Snake:3  | Lost mutation: You are mostly covered in iridescent scales.
                  | (AC +4) [Jiyva's grace]
 26256 | Snake:3  | Lost mutation: You are partially covered in iridescent
                  | scales. (AC +2) [Jiyva's grace]
 26256 | Snake:3  | Lost mutation: Your flesh is heat resistant. (rF+) [Jiyva's
                  | grace]
 26256 | Snake:3  | Lost mutation: You passively map a large area around you.
                  | [Jiyva's grace]
 26256 | Snake:3  | Lost mutation: You passively map the area around you.
                  | [Jiyva's grace]
 26256 | Snake:3  | Lost mutation: Armour fits poorly on your massive
                  | pseudopods. [Jiyva's grace]
 26256 | Snake:3  | Gained mutation: You are agile. (Dex +4, Str/Int -1)
                  | [Jiyva's grace]
 26256 | Snake:3  | Gained mutation: You are very agile. (Dex +8, Str/Int -2)
                  | [Jiyva's grace]
 26256 | Snake:3  | Gained mutation: You are robust. (+10% HP) [Jiyva's grace]
 26256 | Snake:3  | Gained mutation: You are very robust. (+20% HP) [Jiyva's
                  | grace]
 26494 | Snake:4  | Entered Level 4 of the Snake Pit
 26494 | Snake:4  | Noticed Kirke
 26507 | Snake:4  | Killed Kirke
 26610 | Snake:4  | Reached XP level 17. HP: 118/181 MP: 20/20
 26686 | Snake:4  | Identified the +1 robe "Lidweqy" {Will+ rCorr}
 26867 | Snake:4  | a nagaraja changed into an acid blob
 26867 | Snake:4  | Noticed an acid blob
 27325 | Snake:4  | Reached skill level 15 in Axes
 27363 | Snake:4  | Got a serpentine rune of Zot
 27726 | Snake:4  | HP: 36/181 [constriction (6)]
 27727 | Snake:4  | ow
 28069 | Swamp:1  | Entered Level 1 of the Swamp
 28181 | Swamp:1  | oh right
 28654 | Swamp:2  | Reached XP level 18. HP: 131/192 MP: 21/21
 28903 | Swamp:2  | Lost mutation: You have an increased reservoir of magic.
                  | (+10% MP) [Jiyva's grace]
 28903 | Swamp:2  | Lost mutation: You passively map a small area around you.
                  | [Jiyva's grace]
 28903 | Swamp:2  | Lost mutation: Armour fits poorly on your large pseudopods.
                  | [Jiyva's grace]
 28903 | Swamp:2  | Gained mutation: Your rubbery body absorbs attacks. (AC +1,
                  | EV +1) [Jiyva's grace]
 28903 | Swamp:2  | Gained mutation: Your pliable body absorbs attacks. (AC +2,
                  | EV +2) [Jiyva's grace]
 28903 | Swamp:2  | Gained mutation: Your gelatinous body deflects attacks. (AC
                  | +3, EV +3) [Jiyva's grace]
 28903 | Swamp:2  | Gained mutation: You are covered in slimy tendrils that may
                  | disarm your opponents. [Jiyva's grace]
 29069 | Swamp:3  | what
 29082 | Swamp:3  | Noticed Bai Suzhen
 29175 | Swamp:3  | Slimified Bai Suzhen
 29175 | Swamp:3  | Bai Suzhen changed into Bai Suzhen the azure jelly
 29175 | Swamp:3  | Noticed Bai Suzhen
 29459 | Swamp:4  | Entered Level 4 of the Swamp
 29745 | Swamp:4  | Reached skill level 9 in Dodging
 29944 | Swamp:4  | Got a decaying rune of Zot
 30306 | Elf:1    | Entered Level 1 of the Elven Halls
 30407 | Elf:1    | Found a frozen archway.
 30501 | Elf:1    | Found a flickering gateway to a bazaar.
 30507 | Bazaar   | Entered a bazaar
 30518 | Bazaar   | Found Mozetaxui's Distillery.
 30519 | Bazaar   | Found Loxian's Armour Emporium.
 30550 | Bazaar   | Found Ruparies's Jewellery Shoppe.
 30551 | Bazaar   | Found Qoyb's General Store.
 30557 | Bazaar   | Bought a potion of heal wounds for 65 gold pieces
 30590 | Bazaar   | Bought a potion of berserk rage for 40 gold pieces
 30590 | Bazaar   | Bought a potion of resistance for 80 gold pieces
 30663 | IceCv    | Entered an ice cave
 30664 | IceCv    | hi
 30664 | IceCv    | Upgraded the game from 0.31-a0-795-g5eb97db20b to
                  | 0.31-a0-799-g6bc09d010c
 30710 | IceCv    | Found a transporter.
 30715 | IceCv    | Found the +15 Maxwell's patent armour {-Cast -Tele rElec
                  | Will+ rCorr}
 30716 | IceCv    | Found a transporter.
 30897 | Elf:1    | hm
 31056 | Elf:1    | Lost mutation: You are very robust. (+20% HP) [Jiyva's
                  | grace]
 31056 | Elf:1    | Lost mutation: Armour fits poorly on your pseudopods.
                  | [Jiyva's grace]
 31056 | Elf:1    | Gained mutation: Your body has grown eyes which may confuse
                  | attackers. (Acc +3) [Jiyva's grace]
 31056 | Elf:1    | Gained mutation: Your body has grown many eyes which may
                  | confuse attackers. (Acc +5) [Jiyva's grace]
 31056 | Elf:1    | Gained mutation: Your body is covered in eyes which may
                  | confuse attackers. (Acc +7, SInv) [Jiyva's grace]
 31056 | Elf:1    | Gained mutation: Your flesh is very cold resistant. (rC++)
                  | [Jiyva's grace]
 31108 | Elf:1    | Noticed Asterion
 31109 | Elf:1    | hm I could use that
 31125 | Elf:1    | Killed Asterion
 31798 | Elf:2    | Reached XP level 19. HP: 187/187 MP: 20/20
 32068 | Elf:2    | Noticed cforsyth's ghost (veteran DjDe)
 32083 | Elf:2    | Found a runed translucent door.
 32152 | Elf:2    | Reached skill level 21 in Fighting
 32152 | Elf:2    | Reached skill level 21 in Armour
 32183 | Elf:2    | Found a runed translucent gate.
 32183 | Elf:2    | Found a runed translucent gate.
 32184 | Elf:2    | Found a runed translucent gate.
 32634 | Elf:2    | meh
 32638 | Elf:2    | sigh
 32639 | Elf:2    | HP: 36/187 [poisoned by a +2 halberd of venom]
 32931 | Elf:2    | sigh
 33103 | Elf:3    | Entered Level 3 of the Elven Halls
 33361 | Elf:3    | Lost mutation: Your mind is acute. (Int +4, Str/Dex -1)
                  | [Jiyva's grace]
 33361 | Elf:3    | Lost mutation: Your flesh is very cold resistant. (rC++)
                  | [Jiyva's grace]
 33361 | Elf:3    | Lost mutation: Your flesh is cold resistant. (rC+) [Jiyva's
                  | grace]
 33361 | Elf:3    | Lost mutation: Your body is covered in eyes which may
                  | confuse attackers. (Acc +7, SInv) [Jiyva's grace]
 33361 | Elf:3    | Lost mutation: Your body has grown many eyes which may
                  | confuse attackers. (Acc +5) [Jiyva's grace]
 33361 | Elf:3    | Gained mutation: Your natural rate of healing is unusually
                  | fast. [Jiyva's grace]
 33361 | Elf:3    | Gained mutation: You heal very quickly. [Jiyva's grace]
 33361 | Elf:3    | Gained mutation: You regenerate. [Jiyva's grace]
 33361 | Elf:3    | Gained mutation: Your melee attacks may engulf your foes in
                  | ooze. [Jiyva's grace]
 33665 | Vaults:1 | Entered Level 1 of the Vaults
 34396 | Vaults:1 | Reached skill level 12 in Dodging
 34827 | Vaults:1 | Reached XP level 20. HP: 200/200 MP: 21/21
 34940 | Vaults:2 | Noticed Zenata
 34961 | Vaults:2 | Killed Zenata
 35352 | Vaults:2 | Lost mutation: You are robust. (+10% HP) [Jiyva's grace]
 35352 | Vaults:2 | Lost mutation: Your gelatinous body deflects attacks. (AC
                  | +3, EV +3) [Jiyva's grace]
 35352 | Vaults:2 | Gained mutation: You have sharp toenails. [Jiyva's grace]
 35352 | Vaults:2 | Gained mutation: You have razor-sharp toenails. [Jiyva's
                  | grace]
 35352 | Vaults:2 | Gained mutation: You have claws for feet. [Jiyva's grace]
 35352 | Vaults:2 | Gained mutation: Your body has grown many eyes which may
                  | confuse attackers. (Acc +5) [Jiyva's grace]
 35517 | Vaults:2 | Found the +11 Singing Sword {sonic wave}
 35746 | Vaults:2 | Found Fezawoop's Weapon Emporium.
 35869 | Vaults:2 | Found a runed translucent gate.
 35869 | Vaults:2 | Found an opulent altar of Gozag.
 35869 | Vaults:2 | Found a runed translucent gate.
 35869 | Vaults:2 | Noticed Yptir's ghost (adept AtFE)
 35870 | Vaults:2 | Found a runed translucent gate.
 35870 | Vaults:2 | Found Runeek's Assorted Antiques.
 35870 | Vaults:2 | Found Zoucliepa's Assorted Antiques.
 36542 | Vaults:3 | Reached XP level 21. HP: 194/194 MP: 22/22
 36567 | Vaults:3 | Reached skill level 24 in Armour
 36569 | Vaults:3 | Reached skill level 24 in Fighting
 36644 | Vaults:3 | Found a staircase to the Crypt.
 36965 | Vaults:4 | Lost mutation: You have claws for feet. [Jiyva's grace]
 36965 | Vaults:4 | Lost mutation: You are very agile. (Dex +8, Str/Int -2)
                  | [Jiyva's grace]
 36965 | Vaults:4 | Lost mutation: You are agile. (Dex +4, Str/Int -1) [Jiyva's
                  | grace]
 36965 | Vaults:4 | Lost mutation: You regenerate. [Jiyva's grace]
 36965 | Vaults:4 | Lost mutation: You heal very quickly. [Jiyva's grace]
 36965 | Vaults:4 | Lost mutation: You are covered in slimy tendrils that may
                  | disarm your opponents. [Jiyva's grace]
 36965 | Vaults:4 | Gained mutation: You have very sharp teeth. [Jiyva's grace]
 36965 | Vaults:4 | Gained mutation: You have extremely sharp teeth. [Jiyva's
                  | grace]
 36965 | Vaults:4 | Gained mutation: You have razor-sharp teeth. [Jiyva's
                  | grace]
 36965 | Vaults:4 | Gained mutation: You have a pair of small horns on your
                  | head. [Jiyva's grace]
 37029 | Vaults:4 | Identified the amulet "Vazac" {Faith rElec Regen+ Int+4}
 37457 | Vaults:4 | Identified the +9 plate armour of Charity {Rampage Str+2
                  | Stlth+}
 38115 | Crypt:1  | Entered Level 1 of the Crypt
 38211 | Crypt:1  | Identified the ring "Jighux" {rF+ rN+}
 38263 | Crypt:2  | Paralysed by a vampire knight for 4 turns
 38272 | Crypt:2  | uh
 38278 | Crypt:2  | Gained mutation: You expend magic power (3 MP) to
                  | strengthen your wands. [Jiyva's grace]
 38278 | Crypt:2  | Gained mutation: You possess an exceptional clarity of
                  | mind. [Jiyva's grace]
 38278 | Crypt:2  | Gained mutation: You have acidic saliva. [Jiyva's grace]
 38278 | Crypt:2  | Gained mutation: Your system is resistant to poisons.
                  | (rPois) [Jiyva's grace]
 38280 | Crypt:2  | eh
 38290 | Crypt:3  | Entered Level 3 of the Crypt
 38449 | Crypt:3  | Acquired 987 gold pieces
 38566 | Crypt:3  | uh
 38621 | Crypt:3  | Found a staircase to the Tomb.
 38895 | Crypt:3  | Reached XP level 22. HP: 206/206 MP: 23/23
 39073 | Crypt:3  | Noticed a profane servitor
 39086 | Crypt:3  | Killed a profane servitor
 39089 | Crypt:3  | Found a basalt altar of Yredelemnul.
 39091 | Crypt:3  | Found an ancient bone altar of Kikubaaqudgha.
 39129 | Crypt:3  | Identified the ring "Bosuskaf" {rPois rN+ Str+3 Slay-6}
 39177 | Crypt:3  | Identified the +0 robe of the Alphagorgon {Int+7 Dex-3}
 39249 | Crypt:3  | Noticed a dread lich
 39266 | Crypt:3  | Killed a dread lich
 39296 | Crypt:3  | Found a runed translucent gate.
 39296 | Crypt:3  | Found a runed translucent gate.
 39296 | Crypt:3  | Found a runed translucent gate.
 39296 | Crypt:3  | Noticed Zievuyg's ghost (adept MiFi)
 39319 | Crypt:3  | Killed Zievuyg's ghost
 39356 | Crypt:3  | Found the +5 scythe "Finisher" {speed, execute}
 39480 | Crypt:3  | Paralysed by something for 3 turns
 39495 | Crypt:3  | Paralysed by something for 5 turns
 39658 | Crypt:2  | Noticed Frederick
 39678 | Crypt:2  | Killed Frederick
 40903 | D:7      | Bought a scroll of teleportation for 72 gold pieces
 41084 | Snake:2  | Bought a +6 ring of strength for 612 gold pieces
 41322 | Depths:1 | Entered Level 1 of the Depths
 41322 | Depths:1 | Found a one-way gate to the infinite horrors of the Abyss.
 41339 | Depths:1 | Found a gateway to Hell.
 41549 | Depths:1 | Lost mutation: You have razor-sharp teeth. [Jiyva's grace]
 41549 | Depths:1 | Lost mutation: You expend magic power (3 MP) to strengthen
                  | your wands. [Jiyva's grace]
 41549 | Depths:1 | Gained mutation: You are somewhat resistant to further
                  | mutation. [Jiyva's grace]
 41549 | Depths:1 | Gained mutation: You are somewhat resistant to both further
                  | mutation and mutation removal. [Jiyva's grace]
 41549 | Depths:1 | Gained mutation: You are almost entirely resistant to
                  | further mutation and mutation removal. [Jiyva's grace]
 41549 | Depths:1 | Gained mutation: Your translucent skin slightly reduces
                  | your foes' accuracy. (Stealth+) [Jiyva's grace]
 42017 | Depths:1 | Found a runed translucent door.
 42037 | Depths:1 | Reached XP level 23. HP: 218/218 MP: 24/24
 42614 | Depths:2 | Noticed the Enchantress
 42630 | Depths:2 | Reached skill level 27 in Fighting
 42630 | Depths:2 | Reached skill level 27 in Armour
 42643 | Depths:2 | Killed the Enchantress
 42827 | Depths:2 | Reached skill level 6 in Polearms
 43027 | Depths:2 | Reached skill level 9 in Polearms
 43030 | Depths:2 | Identified the ring "Riabetoja" {Fire rElec rPois Will-
                  | rCorr}
 43039 | Depths:2 | Noticed a golden dragon
 43054 | Depths:2 | Killed a golden dragon
 43094 | Depths:2 | Noticed a golden dragon
 43113 | Depths:2 | Killed a golden dragon
 43219 | Depths:2 | Identified the +4 quarterstaff "Spider's Demise" {heavy,
                  | *Corrode Str+6}
 43255 | Depths:2 | Reached skill level 12 in Polearms
 43641 | Depths:3 | Noticed a golden dragon
 43651 | Depths:3 | Killed a golden dragon
 43667 | Depths:3 | Found a flickering gateway to a bazaar.
 43672 | Bazaar   | Entered a bazaar
 43674 | Bazaar   | Found Buureoh's Armour Boutique.
 43677 | Bazaar   | Found Humoni's Jewellery Boutique.
 43678 | Bazaar   | Found Gymiod's Magic Scroll Boutique.
 43678 | Bazaar   | Found Zonidgha's Antique Armour Boutique.
 43715 | Bazaar   | Bought a pair of glowing gloves for 157 gold pieces
 43736 | Bazaar   | Bought a scroll of brand weapon for 104 gold pieces
 43737 | Bazaar   | Bought a scroll of teleportation for 33 gold pieces
 43737 | Bazaar   | Bought a scroll of enchant weapon for 82 gold pieces
 43737 | Bazaar   | Bought a scroll of enchant armour for 82 gold pieces
 43737 | Bazaar   | Bought a scroll of revelation for 82 gold pieces
 43797 | Depths:3 | Found a one-way gateway to a ziggurat.
 43867 | Depths:3 | Reached XP level 24. HP: 215/216 MP: 24/24
 44186 | Depths:3 | Lost mutation: You have extremely sharp teeth. [Jiyva's
                  | grace]
 44186 | Depths:3 | Lost mutation: You are almost entirely resistant to further
                  | mutation and mutation removal. [Jiyva's grace]
 44186 | Depths:3 | Lost mutation: Your pliable body absorbs attacks. (AC +2,
                  | EV +2) [Jiyva's grace]
 44186 | Depths:3 | Gained mutation: Your movements are slightly less
                  | encumbered by armour. (ER -2) [Jiyva's grace]
 44186 | Depths:3 | Gained mutation: Your movements are less encumbered by
                  | armour. (ER -4) [Jiyva's grace]
 44186 | Depths:3 | Gained mutation: Your movements are significantly less
                  | encumbered by armour. (ER -6) [Jiyva's grace]
 44186 | Depths:3 | Gained mutation: Your spells are a little harder to cast,
                  | but a little more powerful. [Jiyva's grace]
 44640 | Depths:4 | Entered Level 4 of the Depths
 44649 | Depths:4 | Reached skill level 15 in Polearms
 44685 | Depths:4 | Found Wepsivuf's General Store.
 44788 | Depths:4 | Paralysed by a vampire knight for 4 turns
 45034 | Depths:4 | Found a glowing silver altar of Zin.
 45073 | Depths:4 | Noticed Sojobo
 45083 | Depths:4 | Killed Sojobo
 45156 | Depths:4 | Bought a scroll of enchant weapon for 112 gold pieces
 45157 | Depths:4 | Found Fyufeoq's Antique Armour Boutique.
 45208 | Depths:4 | Found a gate to the Realm of Zot.
 45574 | Vaults:2 | Killed Yptir's ghost
 45623 | Vaults:2 | Bought a scroll of teleportation for 117 gold pieces
 45628 | Vaults:2 | Bought a scroll of teleportation for 105 gold pieces
 45972 | Elf:2    | eh
 46295 | Vaults:5 | Entered Level 5 of the Vaults
 46296 | Vaults:5 | Noticed an ancient lich
 46339 | Vaults:4 | Killed an ancient lich
 46401 | Vaults:5 | Noticed an ancient lich
 46406 | Vaults:5 | Killed an ancient lich
 46413 | Vaults:5 | Reached skill level 18 in Polearms
 46613 | Vaults:5 | Reached XP level 25. HP: 217/218 MP: 24/24
 46777 | Vaults:5 | Identified the +0 leather armour of the Tuna {rC+ Str+4}
 46926 | Vaults:5 | Found Siduogg's Jewellery Shop.
 47323 | Vaults:5 | Got a silver rune of Zot
 47364 | Vaults:5 | Lost mutation: You have razor-sharp toenails. [Jiyva's
                  | grace]
 47364 | Vaults:5 | Lost mutation: Your rubbery body absorbs attacks. (AC +1,
                  | EV +1) [Jiyva's grace]
 47364 | Vaults:5 | Lost mutation: Your translucent skin slightly reduces your
                  | foes' accuracy. (Stealth+) [Jiyva's grace]
 47364 | Vaults:5 | Lost mutation: Your movements are significantly less
                  | encumbered by armour. (ER -6) [Jiyva's grace]
 47364 | Vaults:5 | Lost mutation: Your melee attacks may engulf your foes in
                  | ooze. [Jiyva's grace]
 47364 | Vaults:5 | Gained mutation: Your mind is acute. (Int +4, Str/Dex -1)
                  | [Jiyva's grace]
 47364 | Vaults:5 | Gained mutation: Your mind is very acute. (Int +8, Str/Dex
                  | -2) [Jiyva's grace]
 47364 | Vaults:5 | Gained mutation: Your body is covered in eyes which may
                  | confuse attackers. (Acc +7, SInv) [Jiyva's grace]
 47364 | Vaults:5 | Gained mutation: You are covered in slimy tendrils that may
                  | disarm your opponents. [Jiyva's grace]
 47364 | Vaults:5 | Identified the +3 broad axe of the Hidden Vale {flame, rF++
                  | rN+ Str-4 SInv}
 47462 | Vaults:5 | Identified the +11 dire flail of the Snake Pit {pain, rPois
                  | Will+}
 47473 | Vaults:5 | Found Ysmoali's Antique Armour Boutique.
 47481 | Vaults:5 | Got a glistering book
 47484 | Vaults:5 | Identified the +7 orcbow of Gallantry {freeze, rPois rC-
                  | rN+}
 47588 | Vaults:5 | Found Lig Feb's Distillery.
 47633 | Vaults:5 | Bought a pair of glowing gloves for 240 gold pieces
 48005 | Orc:1    | Bought the ring of Descent {rF++ Int-4 Dex+6} for 625 gold
                  | pieces
 48048 | Orc:2    | Bought a potion of cancellation for 112 gold pieces
 48183 | D:6      | Bought a potion of curing for 30 gold pieces
 48183 | D:6      | Bought a potion of curing for 30 gold pieces
 48183 | D:6      | Bought a potion of resistance for 100 gold pieces
 48183 | D:6      | Bought a potion of enlightenment for 50 gold pieces
 48216 | D:7      | Bought a scroll of fear for 44 gold pieces
 48216 | D:7      | Bought a scroll of enchant armour for 82 gold pieces
 48216 | D:7      | Bought a scroll of enchant armour for 82 gold pieces
 48398 | Depths:4 | Bought a wand of digging (2) for 126 gold pieces
 48415 | Zot:1    | Entered Level 1 of the Realm of Zot
 48587 | Zot:3    | Reached skill level 21 in Polearms
 48772 | Zot:4    | Noticed an electric golem
 48788 | Zot:4    | Killed an electric golem
 48864 | Zot:5    | Entered Level 5 of the Realm of Zot
 48980 | Zot:5    | Reached XP level 26. HP: 201/242 MP: 24/24
 49218 | Zot:5    | that is a lot of alarms
 49218 | Zot:5    | pretty bad consumables, did not have good shops
 49224 | Zot:5    | Noticed a Killer Klown
 49240 | Zot:5    | Killed a Killer Klown
 49256 | Zot:5    | Noticed a dread lich
 49273 | Zot:5    | Killed a dread lich
 49282 | Zot:5    | Noticed a Killer Klown
 49312 | Zot:5    | Noticed a Killer Klown
 49319 | Zot:5    | Killed a Killer Klown
 49326 | Zot:5    | Killed a Killer Klown
 49334 | Zot:5    | Noticed an orb of fire
 49336 | Zot:5    | hi
 49340 | Zot:5    | Killed an orb of fire
 49341 | Zot:5    | good
 49408 | Zot:5    | why
 49409 | Zot:5    | Noticed an electric golem
 49418 | Zot:5    | Killed an electric golem
 49471 | Zot:5    | Noticed a Killer Klown
 49487 | Zot:5    | Killed a Killer Klown
 49666 | Zot:5    | eh
 49666 | Zot:5    | Noticed an electric golem
 49678 | Zot:5    | Killed an electric golem
 49678 | Zot:5    | Noticed an ancient lich
 49684 | Zot:5    | Killed an ancient lich
 49692 | Zot:5    | Reached skill level 24 in Polearms
 49724 | Zot:5    | Noticed an ancient lich
 49730 | Zot:5    | Slimified an ancient lich
 49730 | Zot:5    | an ancient lich changed into an acid blob
 49776 | Zot:5    | hm
 49776 | Zot:5    | Got the Orb of Zot
 49779 | Zot:5    | Noticed an ancient lich
 49780 | Zot:5    | Noticed Usiuts the pandemonium lord
 49784 | Zot:5    | hi
 49909 | Depths:3 | Noticed a seraph
 50165 | D:7      | Noticed Ycoehuy the pandemonium lord
 50334 | D:$      | Escaped with the Orb!

Levels and vault maps discovered:
D:1:      ncdulo_smallfort, layout_basic, patterned_corridor
D:2:      layout_basic, uniq_robin, uniq_sigmund
D:3:      kennysheep_big_flooded_room, layout_rooms,
          hellmonk_ecumenical_altar_heavens_door, uniq_grinder
D:4:      layout_loops_corners, temple_fountains
D:5:      layout_rooms, ebering_ghost_sewer_f, grunt_decor_cap,
          grunt_ministairs_9, kennysheep_generic_room_4, uniq_menkaure
D:6:      layout_cave_pools, grunt_temple_overflow_forces_of_nature,
          nicolae_hepliaklqana_hippocampus, grunt_temple_overflow_diamond,
          serial_shops, nicolae_shop_behind_doors, shop, shop,
          nicolae_shop_industrial_runoff, shop
D:7:      layout_cave_pools, nemelex_dance_club_becter, serial_shops, shop,
          shop, shop, shop, uniq_maggie
D:8:      layout_basic, lemuel_round_altar, uniq_pikel, uniq_grum
D:9:      layout_rooms, david_lair_generic, small_chamber_with_monster,
          minmay_fountain_box, uniq_psyche
D:10:     layout_loops_ring, lemuel_coloured_pillars_altar, enter_trove_6
D:11:     layout_cave_pools, ebering_ghost_disaster_area
D:12:     layout_rooms, hiddenorc2_lemuel, led_xom_imps, uniq_rupert
D:13:     layout_layer_cave, hangedman_vaults_entry_quadrant_bands
D:14:     layout_roguey, cheibrodos_ashenzari_chains, serial_shops, shop
D:15:     hellmonk_depths_entry_around_the_bend, layout_cave_pools,
          serial_shops, nicolae_shop_pleasant_corner_grove, uniq_nessos
Temple:   nicolae_temple_ecumenical_triangle
Lair:1:   layout_long_grid, grunt_megastairs_3, lemuel_fruit_fields
Lair:2:   layout_long_grid, minmay_snake_entry_guardpost_medium,
          nicolae_lair_grove_arrangements, infiniplex_staircase_pool_2
Lair:3:   layout_regular_city, minmay_swamp_entry_wisps, minivault_11
Lair:4:   nzn_winding_woodlands_stair_trap [nzn_winding_woodlands_5x15_parted,
          nzn_winding_woodlands_5x15_concentric,
          nzn_winding_woodlands_5x15_sawtooth,
          nzn_winding_woodlands_15x15_eel_pit,
          nzn_winding_woodlands_5x15_garden, nzn_winding_woodlands_5x15_default,
          nzn_winding_woodlands_5x15_pathside_ponds], layout_big_grid,
          chequers_serial_rivers_small_3
Lair:5:   guppyfry_lair_end_dragon, layout_long_grid,
          minmay_slime_entry_jelly_boxes, serial_bayou, serial_bayou_shore_b,
          serial_bayou_pond_e, serial_bayou_shore_b, serial_bayou_crossing,
          grunt_megastairs_1
Swamp:1:  layout_basic_swamp, serial_swamp_ruin, evilmike_swamp_ruin_house_2,
          evilmike_swamp_ruin_house_3, swamp_pool4, st_swamp_ruins_1
Swamp:2:  layout_falls_marsh, evilmike_swamp_ruin_house_4
Swamp:3:  layout_falls_marsh, evilmike_swamp_ruin_house_5, uniq_bai_suzhen
Swamp:4:  swamp_fiery, layout_basic_swamp
Snake:1:  layout_grid_maze, basic_altar, nicolae_snake_round_shape_thing
Snake:2:  layout_cave_pods, minmay_shop_grove, uniq_vashnia, uniq_aizul
Snake:3:  layout_cave_town, basic_altar, nicolae_shop_sticking_my_neck_out
Snake:4:  grunt_snake_rune_spirals, layout_onion, uniq_kirke
Slime:1:  layout_caves, nicolae_slime_ancient_tower_intersection
Slime:2:  layout_caves
Slime:3:  layout_caves
Slime:4:  layout_caves
Slime:5:  slime_pit
Orc:1:    layout_caves, serial_shops, nicolae_shop_drivethru, uniq_erolcha
Orc:2:    pf_orc_diabolical, layout_caves, okawaru_metal_pillars_3
Elf:1:    eino_elf_arrival_shootout, layout_loops_corners,
          portal_ice_cave_entry_ugly_swarm, serial_shops, bzr_entry_dummy,
          hangedman_elf_represent, uniq_asterion
Elf:2:    elven_hall_of_blades_hangedman_original
          [nicolae_blade_entry_crossed_weapons], layout_loops_corners,
          hellmonk_ghost_happy_afterlife, nicolae_elevator_lobby_plus
Elf:3:    elf_hall, layout_geoelf_grid, fountainhead, uniq_mara, uniq_louise
Vaults:1: nicolae_vaults_murderbox, nicolae_vaults_network_s,
          nicolae_vaults_tetromino_L_1, nicolae_vaults_doubleplus_tesselated,
          nicolae_vaults_mini_display_case, v_misc_16,
          nicolae_vaults_heart-shaped_vault, nicolae_vaults_ninety_degrees,
          v_misc_4, nicolae_vaults_tetromino_L_2, layout_vaults_quadrants
Vaults:2: ebering_ghost_gozag, hangedman_vaults_corner, nicolae_vaults_house_2,
          v_alt_pattern_5, v_rooms_1, hangedman_vaults_impose,
          nicolae_vaults_network_periphery, nicolae_vaults_theta, v_misc_26,
          v_misc_17, nicolae_vaults_turnstiles,
          nicolae_vaults_security_offices_6, layout_vaults_omnibox,
          serial_shops, shop, uniq_zenata
Vaults:3: vaults_room_fours, grunt_vaults_funnel, nicolae_vaults_an_arrangement,
          nicolae_vaults_double_plus_3, minmay_crypt_entry_simple_corners,
          v_misc_31, vaults_mumra_lcd, vaults_room_boxed,
          nicolae_vaults_shelves_hall, hangedman_vaults_capsules,
          layout_vaults_omnicross
Vaults:4: ontoclasm_vaults_ring_large, nicolae_vaults_two_Ls,
          vaults_mumra_hexcomb, nicolae_vaults_little_squares_2,
          nicolae_vaults_apartment_2, nicolae_vaults_cornered_office,
          ontoclasm_vaults_ring_large, nicolae_vaults_octothorpe,
          nicolae_vaults_house_2, nicolae_vaults_border_crossing,
          layout_vaults_chaotic_city
Vaults:5
Crypt:1:  dreamdust_cat_pyramid, layout_misc_corridors, amcnicky_mini_pool_small
Crypt:2:  layout_basic, columned_hall_lemuel, uniq_frederick
Crypt:3:  lightli_unholy_cathedral, layout_chaotic_city,
          nicolae_tomb_entry_unfolded_pyramid_diagonal,
          ebering_ghost_rock_garden
Depths:1: layout_twisted_cross, nicolae_hexahallways,
          nicolae_hell_entry_hellmouth_sunbeams, abyss_entry,
          nicolae_eternal_life, hangedman_decor_push, roderic_cross_of_infinity,
          chequers_serial_rivers_micro_b, lightli_church_of_beogh
Depths:2: grunt_runaround [grunt_runaround_doors_1, grunt_runaround_doors_2,
          grunt_runaround_doors_3, grunt_runaround_doors_4,
          grunt_runaround_loot], pan_entry, abyss_entry, hell_entry,
          uniq_enchantress
Depths:3: minmay_spriggan_fort, layout_basic, enter_ziggurat_c, abyss_entry,
          minmay_door_square, serial_shops, bzr_entry_road,
          pf_hell_entry_tar_river
Depths:4: grunt_crosshair, layout_cave_pools, hell_entry,
          grunt_decor_resistance, abyss_entry_small_statue_room,
          roderic_malta_cross, zin_scriptorium, minmay_shoptagon, uniq_sojobo
Zot:1:    layout_cathedral_of_symmetry
Zot:2:    layout_basic, gammafunk_ghost_necromancy, st_large_dragon_hoard_3
Zot:3:    kennysheep_room_grid, layout_basic
Zot:4:    layout_misc_corridors, uniq_tiamat, uniq_vv
Zot:5:    layout_twisted_circle

Action                     |  1- 3 |  4- 6 |  7- 9 | 10-12 | 13-15 | 16-18 | 19-21 | 22-24 | 25-27 || total
---------------------------+-------+-------+-------+-------+-------+-------+-------+-------+-------++-------
  Melee: Mace              |    85 |       |       |       |       |       |       |       |       ||    85
         Halberd           |       |   131 |   275 |       |       |       |       |       |       ||   406
         Flail             |       |       |   115 |    65 |       |       |       |       |       ||   180
         Morningstar       |       |       |       |   277 |  1030 |   460 |       |       |       ||  1767
         Demon whip        |       |       |       |   353 |       |       |    96 |       |       ||   449
         Punch             |       |       |       |     3 |    15 |    14 |       |       |       ||    32
         Pseudopods        |       |       |       |       |       |   310 |       |       |       ||   310
         Battleaxe         |       |       |       |       |       |   775 |  1032 |  1081 |   565 ||  3453
         Kick              |       |       |       |       |       |       |   180 |       |       ||   180
         Great mace        |       |       |       |       |       |       |   230 |   343 |       ||   573
         Headbutt          |       |       |       |       |       |       |   127 |   457 |   237 ||   821
         Bite              |       |       |       |       |       |       |    72 |   242 |   126 ||   440
         Scythe            |       |       |       |       |       |       |       |       |   222 ||   222
  Throw: Dart              |       |       |       |     3 |     3 |       |       |       |       ||     6
   Cast: Scorch            |     2 |       |       |       |       |       |       |       |       ||     2
 Invoke: Fiery Armour      |     1 |       |     3 |     3 |     3 |       |       |       |       ||    10
         Foxfire Swarm     |       |       |       |     1 |       |       |       |       |       ||     1
         Slimify           |       |       |       |       |       |     4 |     1 |     1 |     2 ||     8
         Oozemancy         |       |       |       |       |       |     1 |       |     1 |       ||     2
Ability: Hop               |       |       |     3 |     2 |     3 |     3 |       |     1 |     4 ||    16
  Evoke: Wand              |       |     1 |    10 |    11 |     4 |     4 |       |     2 |     2 ||    34
    Use: Scroll            |     3 |     8 |     5 |     9 |     7 |     9 |     7 |     7 |     9 ||    64
         Potion            |       |       |       |     6 |     6 |     3 |     1 |       |     4 ||    20
   Stab: Paralysed         |       |     6 |    17 |       |     1 |       |     2 |       |       ||    26
         Distracted        |       |       |       |     1 |    13 |    12 |     1 |     1 |       ||    28
         Confused          |       |       |       |       |       |     1 |    34 |    14 |    20 ||    69
 Armour: Ring mail         |    56 |    62 |    11 |       |       |       |       |       |       ||   129
         Chain mail        |       |       |   110 |       |       |       |       |       |       ||   110
         Scale mail        |       |       |    99 |   161 |       |       |       |       |       ||   260
         Plate armour      |       |       |       |   199 |   646 |  1119 |  1018 |  1471 |   231 ||  4684
         Gold dragon scale |       |       |       |       |       |       |       |       |   630 ||   630
  Dodge: Dodged            |    66 |   112 |   240 |   432 |   730 |   641 |  1038 |   839 |   362 ||  4460
